 Dungeon Crawl Stone Soup version 0.30.0-29-ga12c61a403 (webtiles) character file.

Game seed: 7472742276793065685

109 LustLizard the Conjurer (level 4, -7/28 (29) HPs)
             Began as an Octopode Conjurer on June 23, 2023.
             Mangled by an orc
             ... wielding a +0 flail
              (9 damage)
             ... on level 2 of the Dungeon.
             The game lasted 00:03:12 (2290 turns).

LustLizard the Conjurer (Octopode Conjurer)         Turns: 2290, Time: 00:03:13

HP:   -7/28 (29)    AC:  1    Str:  8    XL:     4   Next: 89%
MP:   4/7           EV: 13    Int: 20    God:
Gold: 18            SH:  0    Dex: 10    Spells: 7/8 levels left

rFire   . . .        (no weapon)
rCold   . . .        (no shield)
rNeg    . . .        (helmet restricted)
rPois   .            g - amulet of magic regeneration
rElec   .            (no ring)
rCorr   .            (no ring)
SInv    .            (no ring)
Will    .....        (no ring)
Stlth   +++          (no ring)
HPRegen 0.24/turn    (no ring)
MPRegen 0.50/turn    (no ring)
                     (no ring)

%: no passive effects
@: lightly drained
A: almost no armour, amphibious, 8 rings, camouflage 1, gelatinous body 1,
(nimble swimmer 1), tentacles
a: no special abilities


You were on level 2 of the Dungeon.
You visited 1 branch of the dungeon, and saw 3 of its levels.

You collected 119 gold pieces.
You spent 101 gold pieces at shops.

Inventory:

Missiles
 i - a throwing net
Jewellery
 g - an amulet of magic regeneration (around mantle)
Scrolls
 d - a scroll of amnesia
 h - 2 scrolls of teleportation {unknown}
 j - a scroll of noise {unknown}
Potions
 a - a potion of magic
 b - 2 potions of haste {unknown}
 c - 2 potions of brilliance {unknown}
 e - 2 potions of curing {unknown}
 f - 2 potions of resistance {unknown}
 k - a potion of might {unknown}


   Skills:
 + Level 1.7 Fighting
 - Level 2.0 Dodging
 + Level 4.0 Stealth
 + Level 2.6 Spellcasting
 * Level 4.9 Conjurations


You had 7 spell levels left.
You knew the following spells:

 Your Spells              Type           Power      Damage    Failure   Level
a - Magic Dart            Conj           88%        1d7       1%          1

Your spell library contained the following spells:

 Spells                   Type           Power      Damage    Failure   Level
 Searing Ray              Conj           44%        2d6       3%          2
 Dazzling Flash           Conj/Hex       24%        N/A       16%         3
 Hailstorm                Conj/Ice       12%        3d5       16%         3
 Cigotuvi's Dreadful Rot  Necr/Pois/Air  4%         N/A       22%         2
 Ignite Poison            Fire/Tmut/Pois 2%         N/A       41%         3
 Fulminant Prism          Conj/Hex       6%         3d6       47%         4
 Iskenderun's Mystic Bla  Conj/Tloc      12%        2d5       47%         4
 Ice Form                 Ice/Tmut       2%         N/A       83%         4
 Freezing Cloud           Conj/Ice/Air   4%         6-21      91%         5
 Simulacrum               Ice/Necr       1%         N/A       100%        6


Dungeon Overview and Level Annotations

Branches:
Dungeon (3/15)

Altars:

Shops:
D:2 ?[*


Innate Abilities, Weirdness & Mutations

You cannot wear most types of armour.
You are amphibious.
You can wear up to eight rings at the same time.
Your skin changes colour to match your surroundings (Stealth+).
Your rubbery body absorbs attacks. (AC +1, EV +1)
((You are camouflaged when in or above water. (Stealth+)))
You have tentacles for arms and can constrict up to eight enemies at once.


Message History

The magic dart hits the orc!
You kill the orc!
The orc hits you with a +0 flail. The orc barely misses you.
The dart slug launches a dart at you. The slug dart hits you.
You climb upwards.
There is a stone staircase leading down here.
The magic dart hits the orc but does no damage.
The orc hits you with a +0 flail.
The magic dart hits the orc but does no damage.
The orc hits you with a +0 flail!
* * * LOW HITPOINT WARNING * * *
You are too injured to fight recklessly!
You are too injured to fight recklessly!
Aiming: Magic Dart (safe; 1% risk of failure)
Press: ? - help, Q - select action, (/) - cycle Shift-Dir - straight line, f/p - orc
Aim: an orc, wielding a +0 flail and wearing a +0 chain mail (100% to hit)
The magic dart hits the orc but does no damage.
The orc hits you with a +0 flail.
* * * LOW HITPOINT WARNING * * *
Aiming: Magic Dart (safe; 1% risk of failure)
Press: ? - help, Q - select action, (/) - cycle Shift-Dir - straight line, f/p - orc
Aim: an orc, wielding a +0 flail and wearing a +0 chain mail (100% to hit)
The magic dart hits the orc but does no damage.
The orc hits you with a +0 flail.
* * * LOW HITPOINT WARNING * * *
Aiming: Magic Dart (safe; 1% risk of failure)
Press: ? - help, Q - select action, (/) - cycle Shift-Dir - straight line, f/p - orc
Aim: an orc, wielding a +0 flail and wearing a +0 chain mail (100% to hit)
The magic dart hits the orc.
The orc is moderately wounded.
The orc closely misses you.
Aiming: Magic Dart (safe; 1% risk of failure)
Press: ? - help, Q - select action, (/) - cycle Shift-Dir - straight line, f/p - orc
Aim: an orc, wielding a +0 flail and wearing a +0 chain mail (moderately wounded, 100% to hit)
The magic dart hits the orc.
The orc is almost dead.
The orc hits you with a +0 flail!
You die...

#......#####################
#.................)........#
#########.############....####.##
#...## #....# #....# #... .....##
####.#### #....# #### ......###
#....######...∩#
........#######......#..###
......#...# #o.......##
.....####.#####.@..[..## #####
....## #......###....######...#
#.#### ######.##...####.....#.##
#....# #.##.#.##...###.).#.
##...### #.##.#.##.###...###.
#.....## ##....#(...# #.###...
#......# #...####..####.###.#.
#.†....#####.#..........).......
#...#....##..##..#.......>).<...


You could see an orc.

Vanquished Creatures
  2 gnolls (D:2)
  3 adders (D:2)
  3 worms (D:2)
  A dart slug (D:2)
  An orc (D:3)
  6 ball pythons
  3 endoplasms
  2 giant cockroaches
  11 goblins
  3 hobgoblins
  2 quokkas
  2 bats
  3 frilled lizards (D:1)
  2 kobolds (D:2)
  9 rats
53 creatures vanquished.

Notes
Turn   | Place    | Note
-------+----------+-------------------------------------------
     0 | D:1      | LustLizard the Octopode Conjurer began the quest for the
                  | Orb.
     0 | D:1      | Reached XP level 1. HP: 11/11 MP: 3/3
     6 | D:1      | Noticed a basilisk
     6 | D:1      | Noticed a servant of whispers
     7 | D:1      | Noticed an ettin
   425 | D:1      | Reached XP level 2. HP: 18/18 MP: 1/5
  1140 | D:1      | Reached XP level 3. HP: 22/22 MP: 4/6
  1167 | D:1      | Reached skill level 1 in Fighting
  1672 | D:2      | Found Istrih's Armour Shoppe.
  1774 | D:2      | Reached XP level 4. HP: 25/28 MP: 0/7
  2011 | D:2      | Found Ihed's Magic Scroll Boutique.
  2019 | D:2      | Bought a scroll of identify for 20 gold pieces
  2075 | D:2      | Found Tampaixaaff's Assorted Antiques.
  2083 | D:2      | Bought 2 bubbling cyan potions for 41 gold pieces
  2083 | D:2      | Bought a ruby potion for 20 gold pieces
  2083 | D:2      | Bought a red potion for 20 gold pieces
  2288 | D:2      | HP: 1/28 [orc/+0 flail (2)]
  2290 | D:2      | Mangled by an orc

Illustrated notes

Levels and vault maps discovered:
D:1:      onia_arrival_zoo_common, layout_loops_corners
D:2:      layout_rooms, serial_shops, shop, shop, shop, supply_closet_lemuel,
          grunt_decor_fettered
D:3:      layout_loops_ring, lemuel_doored_altar, serial_shops, shop,
          minmay_surrounded, uniq_natasha, uniq_ijyb

Skill      XL: |  1  2  3  4 |
---------------+-------------+-----
Stealth        | 3 4 |  4.0
Fighting       | 1 |  1.7
Dodging        | |  2.0
Spellcasting   | |  2.6
Conjurations   | |  4.9

Action                     |  1- 3 |  4- 6 || total
---------------------------+-------+-------++-------
  Melee: Unarmed           |     3 |     2 ||     5
         Constrict         |     1 |     1 ||     2
         Tentacles         |     1 |     1 ||     2
   Cast: Magic Dart        |    72 |    50 ||   122
    Use: Scroll            |     1 |     1 ||     2
  Dodge: Dodged            |     3 |     9 ||    12
